 Dungeon Crawl Stone Soup version 0.28.0 (webtiles) character file.

Game seed: 15055858106911776044

114636 inmateoo the Carver (level 16, -5/114 HPs)
             Began as a Mummy Delver on Feb 14, 2022.
             Was the Champion of Hepliaklqana.
             Killed by dispel undead
             ... invoked by Josephine
              (27 damage)
             ... on level 1 of the Orcish Mines.
             The game lasted 00:37:27 (29018 turns).

inmateoo the Carver (Mummy Delver)                 Turns: 29018, Time: 00:37:28

Health: -5/114     AC: 26    Str: 26    XL:     16   Next: 16%
Magic:  23/24      EV:  9    Int: 10    God:    Hepliaklqana [******]
Gold:   1289       SH: 21    Dex: 16    Spells: 14/26 levels left

rFire   + . .      SeeInvis +   v - +6 scimitar (freeze)
rCold   + + .      Faith    .   J - +0 tower shield {rC+}
rNeg    + + +      Spirit   .   P - +3 plate armour {rF+}
rPois   ∞          Reflect  +   h - +1 helmet
rElec   +          Harm     .   p - +2 cloak
rCorr   .          Rampage  .   M - +0 pair of gloves of the Lair of Beasts {rElec rPois SInv}
Will    ++...                   E - +0 pair of boots
Stlth   ..........              s - amulet of reflection
HPRegen 0.29/turn               q - +6 ring of strength
MPRegen 0.19/turn               m - ring of protection from fire

@: studying Ice Magic
A: reduced essence, cold resistance 1, negative energy resistance 3, torment
resistance 2, heat vulnerability 1, in touch with death 1, no potions
a: Renounce Religion, Recall Ancestor, Ancestor Identity, Transference, Idealise


You were on level 1 of the Orcish Mines.
You worshipped Hepliaklqana.
Hepliaklqana was exalted by your worship.
You visited 4 branches of the dungeon, and saw 24 of its levels.
You also visited: Ossuary, Ice Cave and Volcano.

You collected 2941 gold pieces.
You spent 1652 gold pieces at shops.

Inventory:

Hand Weapons
 v - a +6 scimitar of freezing (weapon)
 B - a +3 demon blade of freezing
 G - a +4 scimitar of flaming
Missiles
 e - 55 poisoned darts
 g - 8 curare-tipped darts (quivered)
 l - 2 throwing nets
Armour
 h - a +1 helmet (worn)
 i - the +3 hat of Pondering {ponderous, Will+ MP+10 Int+5}
   (You took it off Gastronok on level 1 of the Lair of Beasts)

   Int:       It affects your intelligence (+5).
   MP:        It affects your magic capacity (+10).
   Will:      It increases your willpower.
 p - a +2 cloak (worn)
 E - a +0 pair of boots (worn)
 J - a +0 tower shield of cold resistance (worn)
 M - the +0 pair of gloves of the Lair of Beasts (worn) {rElec rPois SInv}
   (You bought it in a shop on level 1 of the Orcish Mines)

   rElec:     It insulates you from electricity.
   rPois:     It protects you from poison.
   SInv:      It lets you see invisible.
 P - a +3 plate armour of fire resistance (worn)
Jewellery
 b - a ring of see invisible
 m - a ring of protection from fire (right hand)
 n - a ring of fire
 q - a +6 ring of strength (left hand)
 s - an amulet of reflection (around neck)
 z - a ring of protection from cold
 N - a ring of resist corrosion
Wands
 f - a wand of digging (13)
 j - a wand of charming (6)
 k - a wand of iceblast (17)
 w - a wand of acid (5)
 x - a wand of paralysis (3)
 A - a wand of mindburst (10)
 F - a wand of polymorph (12)
 H - a wand of flame (13)
Scrolls
 a - 5 scrolls of enchant armour
 c - 4 scrolls of fog
 o - 9 scrolls of amnesia
 r - 3 scrolls of teleportation
 u - 14 scrolls of identify
 y - 2 scrolls of fear
 C - a scroll of summoning {unknown}
 I - a scroll of magic mapping
 O - a scroll of torment
Miscellaneous
 d - a condenser vane (inert)
 L - a box of beasts


   Skills:
 + Level 11.7 Fighting
 * Level 13.4 Long Blades
 + Level 9.5 Armour
 + Level 9.3 Dodging
 - Level 4.1 Stealth
 + Level 9.3 Shields
 + Level 5.9 Spellcasting
 + Level 4.0 Air Magic
 + Level 9.8 Invocations
 + Level 1.0 Evocations


You had 14 spell levels left.
You knew the following spells:

 Your Spells              Type           Power      Damage    Failure   Level
a - Summon Lightning Spi  Summ/Air       7%         N/A       100%        4
b - Maxwell's Capacitive  Air            5%         ∞         100%        8

Your spell library contained the following spells:

 Spells                   Type           Power      Damage    Failure   Level
 Slow                     Hex            8%         N/A       100%        1
 Static Discharge         Conj/Air       7%         N/A       100%        2
 Confusing Touch          Hex            2%         N/A       100%        3
 Ozocubu's Armour         Ice            2%         N/A       100%        3
 Vampiric Draining        Necr           4%         2d6       100%        3
 Airstrike                Air            5%         N/A       100%        4
 Fulminant Prism          Conj/Hex       1%         3d6       100%        4
 Iskenderun's Mystic Bla  Conj/Tloc      2%         2d3       100%        4
 Leda's Liquefaction      Hex/Erth       1%         N/A       100%        4
 Petrify                  Tmut/Erth      2%         N/A       100%        4
 Freezing Cloud           Conj/Ice/Air   2%         6-21      100%        5
 Lee's Rapid Deconstruct  Erth           1%         3d5*      100%        5
 Lightning Bolt           Conj/Air       3%         1d15      100%        5
 Metabolic Englaciation   Hex/Ice        1%         N/A       100%        5
 Simulacrum               Ice/Necr       2%         N/A       100%        6
 Haunt                    Necr/Summ      2%         N/A       100%        7
 Polar Vortex             Ice            1%         N/A       100%        9
 Statue Form              Tmut/Erth      Unusable   N/A       N/A         6

Dungeon Overview and Level Annotations

Branches:
Dungeon (15/15)            Temple (1/1) D:4            Lair (6/6) D:9
  Swamp (0/4) Lair:2        Snake (0/4) Lair:4        Slime (0/5) Lair:6
    Orc (2/2) D:11         Vaults (0/5) D:13         Depths (0/4) D:15
Ossuary (visited)           IceCv (visited)         Volcano (visited)
    Elf: Orc:2

Altars:
Ashenzari
Cheibriados
Dithmenos
Elyvilon
Fedhas
Gozag
Hepliaklqana
Kikubaaqudgha
Makhleb
Nemelex Xobeh
Okawaru
Qazlal
Ru
Sif Muna
Trog
Uskayaw
Vehumet
Wu Jian
Xom
Yredelemnul
Zin
The Shining One
Beogh

Shops:
D:8 [(=(   D:14 *   Orc:1 **

Annotations:
D:15 2 transporters, Galthrax's ghost, journeyman MiMo
Orc:1 Josephine


Innate Abilities, Weirdness & Mutations

Your life essence is reduced to manifest your ancestor. (-10% HP)
You are immune to poison.
Your flesh is cold resistant. (rC+)
You are immune to negative energy. (rN+++)
You are immune to unholy pain and torment.
You are vulnerable to heat. (rF-)
You are in touch with the powers of death.
You do not drink.


Message History

The ogre barely misses you. You block the warg's attack.
Josephine hits you but does no damage.
You swap places.
The wraith hits Publia.
The wraith drains Publia's vigour!
Publia seems to slow down.
Publia hits the warg with a +0 quarterstaff!!
You block the warg's attack.
The ogre closely misses Publia.
Press: ? - help, v - describe, . - travel
Here: Josephine, wielding a +3 dagger of venom and wearing a +0 robe The floor.
You hit Josephine but do no damage.
The wraith closely misses Publia.
The warg bites you but does no damage.
Publia hits the warg with a +0 quarterstaff!!
The warg dies!
You block Josephine's attack.
Your Evocations skill increases to level 1!
You closely miss Josephine.
The ogre hits Publia with a +0 giant club!!
Josephine points at you and mumbles some strange words.
You convulse!
* * * LOW HITPOINT WARNING * * *
You block the wraith's attack.
Publia hits the wraith with a +0 quarterstaff!
You can't drink.
Unknown command.
As you read the scroll of fear, it crumbles to dust.
You assume a fearsome visage.
Josephine looks frightened!
The wraith is unaffected.
The ogre looks frightened!
The wraith barely misses you.
You swap places.
Publia gestures at Josephine while chanting.
The bolt of magma hits Josephine!!
Publia's attack snaps Josephine out of her fear.
The wraith hits you but does no damage.
There is a stone staircase leading down here.
You block the wraith's attack.
Publia hits the wraith with a +0 quarterstaff!!
The wraith is destroyed!
Josephine points at you and mumbles some strange words.
You convulse!
You die...

##.##.##.## ##...
#..#......# #....
####.......###..).
###..........[#.[)))
#.........).∩)).[)[.
#####.<.#####...[.).)#
#.....O######......###
####.....##.#.......#.
#.#@..........##..#_
####.@.......##...#.
#.>.........##..##
###R......####...#
##.......# ##...
#........## ###.
#.........## ##
####..........### #
##...............# #


You could see the friendly Publia the battlemage (slow), Josephine (ally target)
and an ogre (fleeing).

Vanquished Creatures
  The ghost of Wairalebb the Basher, a journeyman BaFi of Cheibriados (Lair:4)
  The ghost of Lutiheq the Grappler, a journeyman DrTm of Wu Jian (Lair:4)
  The ghost of emikaela the Protected, a journeyman BaCj of Ignis (Lair:4)
  A red draconian (Volcano)
  3 boulder beetles
  4 hydras
  3 vault guards (D:13)
  An ogre mage (D:15)
  3 centaur warriors
  A catoblepas (Lair:6)
  6 two-headed ogres
  A tengu warrior (D:15)
  3 death yaks
  An orc high priest (Orc:1)
  A deep elf knight (D:13)
  5 skeletal warriors
  A wizard (D:15)
  A swamp dragon (Lair:6)
  A necromancer (D:15)
  2 wolf spiders
  11 ugly things
  3 manticores
  A will-o-the-wisp (Lair:2)
  2 orc sorcerers
  12 elephants
  A guardian serpent (Lair:6)
  2 cyclopes (D:9)
  2 torpor snails
  A naga mage (D:15)
  2 ice statues (IceCv)
  8 black mambas
  3 gargoyles
  2 molten gargoyles (Volcano)
  13 cane toads
  5 komodo dragons
  3 kobold demonologists
  An efreet (D:13)
  2 rime drakes (Lair:6)
  A tengu conjurer (D:13)
  3 ice devils (IceCv)
  2 trolls
  3 hornets
  4 polar bears
  8 blink frogs
  4 dream sheep (Lair:4)
  A shadow (D:13)
  11 wyverns
  A dire elephant simulacrum (IceCv)
  16 yaks
  3 steam dragons (Lair:6)
  2 fire bats (Volcano)
  2 redbacks (Lair:6)
  A vampire mosquito (D:14)
  3 basilisks
  2 acid dragons
  2 nagas (Lair:4)
  A death yak simulacrum (IceCv)
  7 wargs (D:9)
  12 water moccasins
  4 orc warriors
  A hornet zombie (Ossuary)
  A sky beast (D:3)
  4 ogres
  20 wolves
  12 centaurs
  2 phantoms
  5 kobold brigands
  4 bullfrogs
  11 gnoll sergeants
  4 wyvern zombies
  3 scorpions
  3 water moccasin zombies (Ossuary)
  A two-headed ogre simulacrum (IceCv)
  A water moccasin skeleton (D:4)
  2 elephant simulacra (IceCv)
  2 killer bees (D:10)
  A howler monkey (D:9)
  2 bullfrog zombies (Ossuary)
  5 lava snakes
  8 centaur zombies
  4 hounds
  2 gnoll shamans (D:9)
  4 orc priests
  An iron imp (D:9)
  2 centaur skeletons
  7 iguanas
  10 mummies (Ossuary)
  2 spriggan simulacra (IceCv)
  6 orc wizards
  A polar bear simulacrum (IceCv)
  A wolf simulacrum (IceCv)
  2 killer bee zombies
  A howler monkey skeleton (D:7)
  2 howler monkey zombies
  13 gnolls
  An adder (D:4)
  2 naga simulacra (IceCv)
  A white imp (IceCv)
  An adder skeleton (D:4)
  3 worms
  16 orcs
  6 bats
  12 endoplasms
  3 giant cockroaches (D:1)
  5 goblins
  2 hobgoblins
  6 jackals
  4 quokkas
  4 ball pythons
  A frilled lizard (D:3)
  17 kobolds
  9 rats
451 creatures vanquished.

Vanquished Creatures (collateral kills)
  Gastronok (Lair:1)
  A reaper (IceCv)
  A fire dragon (Lair:6)
  Harold (D:7)
  An ettin (Orc:1)
  The ghost of Ajdolov the Grappler, a journeyman TrHu of Uskayaw (D:10)
  5 hydras
  A boulder beetle (D:13)
  2 ogre magi
  A vault guard (D:13)
  The ghost of p0werm0de the Thaumaturge, a journeyman GnAE of Jiyva (Lair:4)
  A centaur warrior (D:14)
  4 death yaks
  4 two-headed ogres
  3 tengu warriors
  The ghost of Enish the Grappler, a novice TrDe of Makhleb (Lair:3)
  4 skeletal warriors
  Pikel (D:7)
  An orc knight (D:13)
  2 cyclopes
  A deep elf zephyrmancer (D:15)
  An ugly thing (D:14)
  4 elephants
  A naga mage (D:15)
  3 black mambas
  A gargoyle (D:13)
  A torpor snail (Lair:4)
  11 cane toads
  A yaktaur (Volcano)
  3 komodo dragons
  2 rime drakes
  A kobold demonologist (D:9)
  3 trolls
  3 ice devils (IceCv)
  2 wolf spider simulacra (D:15)
  3 polar bears
  8 blink frogs
  A dream sheep (Lair:6)
  2 centaur simulacra (D:15)
  A dire elephant simulacrum (IceCv)
  A wraith (Orc:1)
  9 wyverns
  8 yaks
  3 basilisks
  2 steam dragons (Lair:6)
  3 vampire mosquitoes (D:14)
  A naga (Lair:4)
  7 wargs
  8 water moccasins
  A black bear (Lair:5)
  An ice beast (D:6)
  13 orc warriors
  A sky beast (D:8)
  A necrophage (D:8)
  15 wolves
  6 ogres
  6 centaurs
  A lemure (D:7)
  A phantom (D:5)
  3 kobold brigands
  3 bullfrogs
  5 gnoll sergeants
  A two-headed ogre simulacrum (IceCv)
  A wyvern skeleton (D:5)
  A killer bee (D:10)
  4 howler monkeys
  3 lava snakes
  A centaur zombie (Ossuary)
  4 bullfrog zombies (Ossuary)
  3 gnoll shamans (D:9)
  2 orc priests
  A bullfrog skeleton (D:6)
  A hound (D:5)
  2 iguanas
  3 iron imps
  4 orc wizards
  A hell rat (Lair:6)
  2 spriggan simulacra (IceCv)
  A killer bee zombie (Ossuary)
  A troll simulacrum (IceCv)
  4 mummies (Ossuary)
  A howler monkey zombie (Ossuary)
  8 gnolls
  2 adders
  2 naga simulacra (IceCv)
  A shadow imp (D:8)
  A white imp (IceCv)
  An ufetubus (D:5)
  A worm (D:2)
  9 orcs
  An endoplasm (D:3)
  A giant cockroach (D:3)
  2 ball pythons (D:4)
  2 bats (D:3)
  6 kobolds
267 creatures vanquished.

Vanquished Creatures (others)
  A kobold brigand (D:9)
  An iguana (Lair:6)
  27 battlemagi
  A bush (Lair:6)
  4 foxfires (Lair:2)
  35 fungi
  69 plants
  3 withered plants
141 creatures vanquished.

Grand Total: 859 creatures vanquished

Notes
Turn   | Place    | Note
-------+----------+-------------------------------------------
     0 | D:5      | inmateoo the Mummy Delver began the quest for the Orb.
     0 | D:5      | Reached XP level 1. HP: 18/18 MP: 1/1
    39 | D:4      | Noticed a scorpion
    39 | D:4      | Noticed an iguana
    42 | D:4      | You fall into a shaft and drop 3 floors!
    42 | D:7      | Noticed a hound
    63 | D:7      | Killed a hound
    64 | D:7      | Reached skill level 2 in Long Blades
    64 | D:7      | Reached XP level 2. HP: 13/24 MP: 2/2
    64 | D:7      | Reached XP level 3. HP: 15/29 MP: 3/3
   326 | D:6      | Noticed an ice beast
   468 | D:6      | Noticed a bullfrog
   475 | D:6      | Killed a bullfrog
   476 | D:6      | Reached skill level 1 in Armour
   476 | D:6      | Reached XP level 4. HP: 13/35 MP: 4/4
  1088 | D:5      | Reached skill level 3 in Long Blades
  1088 | D:5      | Reached XP level 5. HP: 17/42 MP: 5/5
  1318 | D:5      | Noticed an ogre
  1318 | D:5      | Noticed a centaur
  1589 | D:4      | Found a staircase to the Ecumenical Temple.
  1597 | D:4      | Noticed a phantom
  1599 | Temple   | Entered the Ecumenical Temple
  1630 | Temple   | Became a worshipper of Hepliaklqana the Forgotten
  1787 | D:5      | Noticed an ogre
  1798 | D:4      | Killed a phantom
  1976 | D:4      | Reached skill level 1 in Shields
  1976 | D:4      | Reached XP level 6. HP: 20/48 MP: 6/6
  3048 | D:1      | Found a faded altar of an unknown god.
  3418 | D:1      | Reached skill level 4 in Long Blades
  3424 | D:1      | Reached * piety under Hepliaklqana
  4262 | D:3      | Reached XP level 7. HP: 16/49 MP: 7/7
  4559 | D:3      | Reached ** piety under Hepliaklqana
  4560 | D:3      | Remembered your ancestor Publia as a battlemage
  4677 | D:3      | Found a bloodstained altar of Trog.
  5590 | D:5      | Reached skill level 1 in Invocations
  5597 | D:5      | Reached XP level 8. HP: 13/54 MP: 8/8
  5598 | D:5      | Reached skill level 5 in Fighting
  5598 | D:5      | Reached skill level 5 in Long Blades
  6098 | D:5      | Found a snail-covered altar of Cheibriados.
  6700 | D:6      | Reached XP level 9. HP: 62/62 MP: 10/10
  6713 | D:6      | Reached skill level 6 in Long Blades
  7194 | D:6      | Found a blossoming altar of Fedhas.
  7457 | D:7      | Noticed Harold
  7802 | D:7      | Killed Harold
  7936 | D:7      | Noticed Pikel
  7945 | D:7      | Killed Pikel
  7946 | D:7      | Reached skill level 7 in Long Blades
  8080 | D:7      | Noticed a troll
  8384 | D:7      | Killed a troll
  8385 | D:7      | Reached XP level 10. HP: 69/69 MP: 12/12
  8413 | D:8      | Found Teqyqaro's Jewellery Shop.
  8501 | D:8      | Found a sand-covered staircase.
  8509 | Ossuary  | Entered an ossuary
  8762 | Ossuary  | Reached skill level 5 in Armour
  8822 | D:8      | Found Caxzor's Antique Armour Shoppe.
  8886 | D:8      | Reached *** piety under Hepliaklqana
  9041 | D:8      | Found Boukuma's Weapon Emporium.
  9060 | D:8      | Found Ybaucid's Antique Weapon Shop.
  9148 | D:8      | Bought a runed demon blade for 324 gold pieces
  9225 | D:8      | Identified a scroll of acquirement
  9225 | D:8      | Acquired 1149 gold pieces
  9392 | D:8      | Bought a glowing chain mail for 217 gold pieces
  9524 | D:9      | Reached skill level 5 in Dodging
  9581 | D:9      | Reached skill level 8 in Long Blades
  9582 | D:9      | Reached skill level 5 in Shields
  9611 | D:9      | Found a staircase to the Lair.
  9637 | D:9      | Reached skill level 5 in Invocations
  9649 | D:9      | Reached XP level 11. HP: 56/75 MP: 14/14
  9762 | D:9      | Found a basalt altar of Yredelemnul.
 10089 | D:9      | Noticed a two-headed ogre
 10090 | D:9      | Noticed an ogre mage
 10295 | D:8      | Killed a two-headed ogre
 10314 | D:8      | Killed an ogre mage
 10772 | D:9      | Noticed a two-headed ogre
 10780 | D:9      | Killed a two-headed ogre
 10781 | D:9      | Reached skill level 9 in Long Blades
 11193 | D:9      | Noticed a sixfirhy
 11395 | D:9      | Reached **** piety under Hepliaklqana
 11519 | D:9      | Found a burning altar of Makhleb.
 11625 | D:10     | Entered Level 10 of the Dungeon
 11725 | D:10     | Noticed a two-headed ogre
 11732 | D:10     | Killed a two-headed ogre
 11733 | D:10     | Reached XP level 12. HP: 75/84 MP: 16/16
 11837 | D:10     | Found a runed translucent door.
 11837 | D:10     | Noticed Ajdolov's ghost (journeyman TrHu)
 13249 | D:11     | Reached skill level 10 in Long Blades
 13321 | D:11     | Found a staircase to the Orcish Mines.
 13946 | D:12     | Noticed a boulder beetle
 13957 | D:12     | Killed a boulder beetle
 14118 | D:12     | Noticed a boulder beetle
 14130 | D:12     | Killed a boulder beetle
 14206 | D:12     | Reached ***** piety under Hepliaklqana
 14216 | D:12     | Identified the +6 chain mail of Precision Catastrophes
                  | {rElec rC+}
 14749 | D:13     | Noticed a two-headed ogre
 14749 | D:13     | Noticed a centaur warrior
 14760 | D:12     | Killed a two-headed ogre
 14901 | D:13     | Killed a centaur warrior
 14958 | D:13     | Noticed a vault guard
 14984 | D:13     | Noticed a two-headed ogre
 14992 | D:13     | Killed a two-headed ogre
 14999 | D:13     | Noticed an eight-headed hydra
 14999 | D:13     | Noticed a boulder beetle
 15200 | D:9      | Gained mutation: You are in touch with the powers of death.
                  | [Mummy growth]
 15200 | D:9      | Reached XP level 13. HP: 79/90 MP: 18/18
 15248 | Lair:1   | Entered Level 1 of the Lair of Beasts
 15271 | Lair:1   | Found a dark tunnel.
 15280 | Volcano  | Entered a volcano
 15528 | Volcano  | Found a radiant altar of Vehumet.
 15691 | Volcano  | Noticed a red draconian
 15699 | Volcano  | Killed a red draconian
 16145 | Lair:1   | Got Vanoewimm's Collected Works on the Snowflakes and
                  | Summoning
 16169 | Lair:1   | Noticed Gastronok
 16180 | Lair:1   | Killed Gastronok
 17081 | Lair:2   | Reached skill level 11 in Long Blades
 17721 | Lair:2   | Found a staircase to the Swamp.
 18281 | Lair:3   | Found a frozen archway.
 18290 | IceCv    | Entered an ice cave
 18842 | IceCv    | Reached skill level 10 in Fighting
 19135 | IceCv    | Noticed a reaper
 19145 | IceCv    | Killed a reaper
 19699 | Lair:3   | Reached ****** piety under Hepliaklqana
 20065 | Lair:3   | Found a runed translucent door.
 20067 | Lair:3   | Noticed Enish's ghost (novice TrDe)
 20422 | Lair:4   | Reached XP level 14. HP: 88/99 MP: 20/20
 20888 | Lair:4   | Found a staircase to the Snake Pit.
 21558 | Lair:4   | Found a runed translucent gate.
 21558 | Lair:4   | Found a runed translucent gate.
 21558 | Lair:4   | Found a runed translucent gate.
 21559 | Lair:4   | Noticed p0werm0de's ghost (journeyman GnAE)
 21559 | Lair:4   | Noticed emikaela's ghost (journeyman BaCj)
 21559 | Lair:4   | Noticed Lutiheq's ghost (journeyman DrTm)
 21559 | Lair:4   | Noticed Wairalebb's ghost (journeyman BaFi)
 21792 | Lair:5   | Reached skill level 12 in Long Blades
 21850 | Lair:5   | Identified the +4 great sword "Inauqepn" {antimagic, Contam
                  | Str+6}
 21888 | Lair:5   | Identified the ring of Netzalus {Fire rPois Slay-5 Stlth+}
 22552 | Lair:6   | Entered Level 6 of the Lair of Beasts
 22557 | Lair:6   | Identified the +3 fire dragon scales of the Catfish {rF++
                  | rC- Will+ Int+5}
 22585 | Lair:5   | Learned a level 4 spell: Summon Lightning Spire
 22668 | Lair:6   | Found a staircase to the Slime Pits.
 23173 | Lair:6   | Reached skill level 1 in Spellcasting
 23417 | Lair:6   | Reached skill level 1 in Air Magic
 23651 | Lair:6   | Identified the +7 flail "Buzy Vuz" {venom, Fly rPois rN+}
 23891 | Lair:6   | Reached XP level 15. HP: 81/106 MP: 21/21
 25869 | D:13     | Found a gate to the Vaults.
 26090 | D:13     | Identified the +0 robe "Kithov" {Slay+2 SInv}
 26152 | D:14     | Reached skill level 13 in Long Blades
 26218 | D:14     | Reached skill level 5 in Spellcasting
 26534 | D:14     | Learned a level 8 spell: Maxwell's Capacitive Coupling
 26755 | D:14     | Found Zougusiu's Changing Room.
 27035 | D:15     | Entered Level 15 of the Dungeon
 27202 | D:15     | Found a staircase to the Depths.
 27319 | D:15     | Found a transporter.
 27319 | D:15     | Noticed a tengu reaver
 27329 | D:15     | Noticed Galthrax's ghost (journeyman MiMo)
 27337 | D:15     | Found a transporter.
 27703 | D:15     | Reached XP level 16. HP: 102/113 MP: 24/24
 27933 | D:10     | Killed Ajdolov's ghost
 28058 | Lair:3   | Killed Enish's ghost
 28116 | Lair:4   | Killed p0werm0de's ghost
 28135 | Lair:4   | Killed Lutiheq's ghost
 28150 | Lair:4   | Killed Wairalebb's ghost
 28161 | Lair:4   | Killed emikaela's ghost
 28328 | Orc:1    | Entered Level 1 of the Orcish Mines
 28329 | Orc:1    | Found Kasm's General Store.
 28699 | Orc:1    | Bought the +0 pair of gloves of the Lair of Beasts {rElec
                  | rPois SInv} for 376 gold pieces
 28699 | Orc:1    | Bought a scroll of torment for 105 gold pieces
 28739 | Orc:1    | Found Nekk's General Store.
 28969 | Orc:1    | Bought a +3 plate armour of fire resistance for 630 gold
                  | pieces
 28995 | Orc:2    | Entered Level 2 of the Orcish Mines
 28998 | Orc:2    | Noticed Josephine
 29014 | Orc:1    | Reached skill level 1 in Evocations
 29018 | Orc:1    | Killed from afar by Josephine

Illustrated notes

Levels and vault maps discovered:
D:1:      lightli_molten_gateway, layout_rooms,
          hellmonk_ecumenical_altar_lost_god
D:2:      layout_basic, basic_altar
D:3:      layout_rooms, mainiacjoe_overflow_small_starburst
D:4:      wander_river, layout_cave_pods, minmay_temple_entry_mini_moons,
          serial_column_ruins, column_ruins_grid_1, column_ruins_open_tiny,
          column_ruins_open_tiny, column_ruins_grid_1, column_ruins_open_small,
          corexii_checkpoint_b
D:5:      layout_rooms, slow_altar_2, columned_hall_lemuel
D:6:      layout_basic, fedhas_altar_4, st_stairs_5, wad_rectangle_vault
D:7:      layout_basic, lemuel_tele_altar, uniq_pikel, uniq_harold
D:8:      layout_basic, serial_shops, kennysheep_mini_moat, shop,
          nicolae_inconvenience_store, shop, enter_ossuary_1
D:9:      lemuel_castle_with_subvaults [lemuel_castle_interior_original],
          layout_irregular_city, nicolae_overflow_hidden_temple, demons_altar,
          minmay_lair_entry_grove
D:10:     layout_rooms, gammafunk_ghost_grave
D:11:     layout_loops_corners, kennysheep_orc_monster_closet_entryway
D:12:     layout_roguey
D:13:     layout_grid_maze, grunt_vaults_entry_fortified
D:14:     layout_long_grid, nicolae_transmutations_shop
D:15:     grunt_enter_depths_magical_seal, layout_gridville,
          grunt_decor_one_mirror, gammafunk_ghost_arena,
          minmay_tree_intersection, dk_noncrumbling_4
Temple:   nicolae_temple_elliptical
Lair:1:   layout_gridlike, nicolae_volcano_entry_lava_flow,
          serial_bayou_shore_a, infiniplex_staircase_pool_2, uniq_gastronok
Lair:2:   beast_lair_carwin_large_2, layout_layer_cave, minmay_swamp_entry_wisps
Lair:3:   layout_small_grid, portal_ice_cave_entry_pillars_1,
          gammafunk_ghost_grave, st_stairs_7, nicolae_lair_run_with_the_wolves,
          grunt_megastairs_1
Lair:4:   layout_cave_pods, minmay_snake_entry_guardpost_small,
          gammafunk_ghost_cemetery, serial_bayou_pond_c, grunt_megastairs_4
Lair:5:   layout_roguey, beast_lair_carwin_11
Lair:6:   guppyfry_lair_end_dragon, layout_cave_pods,
          hangedman_lair_tendril_chambers, slime_dummy,
          hangedman_lair_generics_rect
Orc:1:    layout_diamond_mine, serial_shops, shop, nicolae_shop_crystal, shop,
          kennysheep_orc_chapel
Orc:2:    grunt_orc_gardens, layout_caves, grunt_orc_garden, grunt_orc_garden,
          grunt_orc_garden, grunt_orc_garden, uniq_josephine

Skill      XL: |  1  2  3  4  5  6  7  8  9 10 11 12 13 14 15 16 |
---------------+-------------------------------------------------+-----
Long Blades    | 2 3 4 5 7 8 9 10 11 12 13 | 13.4
Armour         | 1 2 3 4 5 6 7 8 9 |  9.5
Dodging        | 2 3 4 5 6 7 8 9 |  9.3
Fighting       | 4 5 6 7 8 9 10 11 | 11.7
Shields        | 1 2 3 4 5 6 7 8 9 |  9.3
Invocations    | 1 2 3 5 6 7 8 9 |  9.8
Spellcasting   | 3 5 |  5.9
Air Magic      | 1 3 4 |  4.0
Evocations     | 1 |  1.0
Stealth        | |  4.1

Action                   |  1- 3 |  4- 6 |  7- 9 | 10-12 | 13-15 | 16-18 || total
-------------------------+-------+-------+-------+-------+-------+-------++-------
Melee: Falchion          |    15 |   203 |       |       |       |       ||   218
       Scimitar          |       |    51 |   187 |   467 |   889 |    93 ||  1687
       Trident           |       |       |       |       |    16 |       ||    16
Throw: Dart              |     4 |     7 |     1 |     8 |       |       ||    20
       Throwing net      |       |       |     1 |       |       |       ||     1
Invok: Recall Ancestor   |       |       |     3 |     1 |     2 |     3 ||     9
       Ancestor Life: Ba |       |       |     1 |       |       |       ||     1
       Idealise          |       |       |       |       |     1 |       ||     1
Evoke: Wand              |       |       |       |       |     1 |       ||     1
       Condenser vane    |       |       |       |       |     2 |     1 ||     3
  Use: Scroll            |     1 |     4 |     2 |     6 |     6 |     1 ||    20
 Stab: Distracted        |       |       |     3 |    12 |    24 |       ||    39
       Confused          |       |       |       |       |     5 |       ||     5
Armor: Leather armour    |     7 |     2 |       |       |       |       ||     9
       Plate armour      |       |   172 |   144 |    42 |       |     7 ||   365
       Chain mail        |       |       |       |   166 |   439 |    50 ||   655
       Fire dragon scale |       |       |       |       |     6 |       ||     6
Dodge: Dodged            |    20 |    65 |    55 |   131 |   232 |    16 ||   519
Block: Buckler           |       |    48 |    67 |     4 |    12 |       ||   131
       Reflection        |       |       |     1 |    35 |    34 |       ||    70
       Kite shield       |       |       |       |   473 |   181 |       ||   654
       Tower shield      |       |       |       |       |   890 |   106 ||   996
